 Dungeon Crawl Stone Soup version 0.30-a0-141-g30f27751c5 (webtiles) character file.

Game seed: 14693249864670456667

46 qw the Chopper (level 3, -8/23 HPs)
             Began as a Gargoyle Fighter on Sept 25, 2022.
             Mangled by a gnoll
             ... wielding a +0 halberd
              (12 damage)
             ... on level 2 of the Dungeon.
             The game lasted 00:00:18 (930 turns).

qw the Chopper (Gargoyle Fighter)                    Turns: 930, Time: 00:00:19

Health: -8/23      AC: 10    Str: 21    XL:     3   Next: 66%
Magic:  3/3        EV:  9    Int:  8    God:
Gold:   63         SH:  4    Dex:  9    Spells: 2/2 levels left

rFire   . . .      SeeInvis .    Y - +0 war axe
rCold   . . .      Faith    .    c - +0 buckler
rNeg    + . .      Spirit   .    b - +0 scale mail
rPois   inf        Reflect  .    (no helmet)
rElec   +          Harm     .    (no cloak)
rCorr   .          Rampage  .    (no gloves)
Will    .....                    (no boots)
Stlth   ..........               (no amulet)
HPRegen 0.07/turn                (no ring)
MPRegen 0.08/turn                (no ring)

@: no status effects
A: sickness immunity, AC +3, negative energy resistance 1, electricity
resistance, torment resistance 1, petrification resistance
a: no special abilities


You were on level 2 of the Dungeon.
You visited 1 branch of the dungeon, and saw 2 of its levels.

You collected 63 gold pieces.


Innate Abilities, Weirdness & Mutations

You are immune to sickness and miasma.
Your stone body is resilient. (AC +3)
You are immune to poison.
You resist negative energy. (rN+)
You are resistant to electric shocks. (rElec)
You are resistant to unholy torment.
You are immune to petrification.


   Skills:
 - Level 3.2 Fighting
 + Level 3.5 Axes
 - Level 3.2 Armour
 - Level 3.2 Shields


You had 2 spell levels left.
You didn't know any spells.
Your spell library was empty.

Inventory:

Hand Weapons
 f - a +0 club
 Y - a +0 war axe (weapon)
Armour
 b - a +0 scale mail (worn)
 c - a +0 buckler (worn)
Potions
 d - a potion of might
 h - a potion of resistance {unknown}
 j - a potion of berserk rage {unknown}

Dungeon Overview and Level Annotations

Branches:
Dungeon (2/15)

Altars:


Message History

The gnoll hits you with a +0 spear. The gnoll closely misses you.
The gnoll hits you but does no damage.
The gnoll hits you from afar with a +1 vampiric spear.
You slash the gnoll!
The gnoll is almost dead.
The gnoll barely misses you. The gnoll closely misses you.
You closely miss the gnoll.
The gnoll is almost dead.
You block the gnoll's attack.
The gnoll hits you from afar with a +1 vampiric spear.
You closely miss the gnoll.
The gnoll is almost dead.
The gnoll barely misses you. You block the gnoll's attack.
The gnoll closely misses you. The gnoll barely misses you.
You slash the gnoll!
You kill the gnoll!
The gnoll hits you but does no damage.
A gnoll comes into view. It is wielding a +0 halberd.
The gnoll shouts!
You block the gnoll's attack.
You see here a +0 spear.
You closely miss the gnoll.
The gnoll hits you but does no damage. x2
You slash the gnoll!
The gnoll is severely wounded.
You block the gnoll's attack. x2
You slash the gnoll!
You kill the gnoll!
The gnoll hits you but does no damage. The gnoll hits you with a +0 halberd.
You see here a +1 vampiric spear.
You closely miss the gnoll. The gnoll hits you with a +0 halberd.
The gnoll closely misses you.
You closely miss the gnoll. The gnoll hits you with a +0 halberd.
You hit the gnoll.
The gnoll is lightly wounded.
The gnoll hits you with a +0 halberd!
Ouch! That really hurt!
You die...

### ### ... ...
#.# #.# #.###.#
#..g# #@# #)#
#.############
#............#
############.#####
#...... #######


You could see a gnoll.

Vanquished Creatures
  2 gnolls (D:2)
  An adder (D:2)
  A dart slug (D:1)
  4 endoplasms (D:1)
  A giant cockroach (D:1)
  A goblin (D:1)
  A hobgoblin (D:1)
  A quokka (D:1)
  A ball python (D:1)
  A frilled lizard (D:1)
  A kobold (D:1)
  2 rats (D:1)
17 creatures vanquished.

Notes
Turn   | Place    | Note
-------+----------+-------------------------------------------
     0 | D:1      | qw the Gargoyle Fighter began the quest for the Orb.
     0 | D:1      | Reached XP level 1. HP: 14/14 MP: 1/1
     0 | D:1      | 0 ||| qw: Version: 0.2-a-10-g399e6c4
     0 | D:1      | 0 ||| qw: Game counter: 314
     0 | D:1      | 0 ||| qw: Always use a shield: true
     0 | D:1      | 0 ||| qw: God list: Okawaru
     0 | D:1      | 0 ||| qw: Allow faded altars: false
     0 | D:1      | 0 ||| qw: Do Orc after D:15 true
     0 | D:1      | 0 ||| qw: Do second Lair branch before Depths: true
     0 | D:1      | 0 ||| qw: Lair rune preference: random
     0 | D:1      | 0 ||| qw: Plans: Normal, Zot:1-4, God:TSO, Crypt, Tomb,
                  | Pan, Slime:5, Hells, Abyss, Orb
     0 | D:1      | 0 ||| PLANNING D:1-11
    73 | D:1      | 73 ||| Stepping ~*~*~tactically~*~*~ (stealth).
    82 | D:1      | Reached XP level 2. HP: 19/19 MP: 2/2
   306 | D:1      | Found a faded altar of an unknown god.
   749 | D:1      | 749 ||| DROPPING ring of flight.
   750 | D:1      | 750 ||| READING scroll labelled LUCOME PEIF.
   751 | D:1      | 751 ||| READING scroll labelled DAMA GI HOSU.
   755 | D:1      | 755 ||| READING scroll labelled IWUCA TAEFUJY.
   783 | D:2      | 783 ||| STAIRDANCE
   807 | D:2      | Reached skill level 3 in Axes
   807 | D:2      | Reached XP level 3. HP: 18/23 MP: 3/3
   807 | D:2      | 807 ||| STAIRDANCE
   929 | D:2      | HP: 4/23 [gnoll/+0 halberd (6)]
   930 | D:2      | Mangled by a gnoll

Levels and vault maps discovered:
D:1:      dpeg_arrival_solitude, layout_loops_ring,
          hellmonk_ecumenical_altar_heavens_door
D:2:      layout_loops_ring, roderic_roman_lattice

Skill      XL: |  1  2 |
---------------+-------+-----
Axes           | 2 3 |  3.5
Fighting       | |  3.2
Armour         | |  3.2
Shields        | |  3.2

Action                   || total
-------------------------++-------
Melee: War axe           ||    57
  Use: Scroll            ||     3
Armor: Scale mail        ||    24
Dodge: Dodged            ||    22
Block: Buckler           ||    12

Table legend:
 A = Non-vault XP
 B = Vault XP
 C = Vault XP percentage of total XP
 D = Non-vault monster count
 E = Vault monster count
 F = Vault count percentage of total count
                 A         B        C        D         E       F
            +---------+---------+-------+---------+---------+-------
      Total |      66 |       0 |   0.0 |      17 |       0 |   0.0
            +---------+---------+-------+---------+---------+-------
        D:1 |      25 |       0 |   0.0 |      14 |       0 |   0.0
        D:2 |      41 |       0 |   0.0 |       3 |       0 |   0.0
            +---------+---------+-------+---------+---------+-------
